 Dungeon Crawl Stone Soup version 0.21-a0-37-g7dc85f4 (webtiles) character file.

18 blackwizard the Ducker (level 2, 0/29 HPs)
             Began as a Troll Fighter on May 28, 2017.
             Slain by an adder (3 damage)
             ... on level 1 of the Dungeon.
             The game lasted 00:03:45 (686 turns).

blackwizard the Ducker (Troll Fighter)               Turns: 686, Time: 00:03:46

Health: 0/29       AC:  5    Str: 23    XL:     2   Next: 51%
Magic:  1/1        EV:  8    Int:  4    God:
Gold:   45         SH:  8    Dex:  9    Spells: 1/1 levels left

rFire    . . .     SeeInvis .   a - +0 flail
rCold    . . .     Gourm    +   c - +0 shield
rNeg     . . .     Faith    .   b - +0 robe
rPois    .         Spirit   .   (helmet restricted)
rElec    .         Reflect  .   (no cloak)
rCorr    .         Harm     .   (gloves unavailable)
MR       .....                  (boots unavailable)
Stlth    +.........             (no amulet)
Regen    0.5/turn               (no ring)
MPRegen  0.1/turn               (no ring)

@: lethally poisoned (0 -> -1)
A: unfitting armour, claws 3, fast metabolism 3, gourmand, regeneration 1,
shaggy fur 1, tough skin 2
a: no special abilities


You were on level 1 of the Dungeon.
You were not hungry.

You visited 1 branch of the dungeon, and saw 2 of its levels.

You collected 45 gold pieces.

Inventory:

Hand Weapons
 a - a +0 flail (weapon)
Missiles
 k - 8 stones (quivered)
Armour
 b - a +0 robe (worn)
 c - a +0 shield (worn)
Scrolls
 e - a scroll of remove curse {unknown}
 h - a scroll of fog {unknown}
Potions
 d - a potion of might
 g - a potion of brilliance {unknown}
Comestibles
 f - 2 bread rations
 i - a chunk of flesh
 j - a meat ration


   Skills:
 + Level 2.4 Fighting
 + Level 2.1 Maces & Flails
 + Level 2.7 Dodging
 + Level 2.7 Shields


You had one spell level left.
You didn't know any spells.

Dungeon Overview and Level Annotations

Branches:
Dungeon (2/15)

Altars:

Annotations:
D:2 Sigmund


Innate Abilities, Weirdness & Mutations

You are too large for most types of armour.
You have claws for hands.
Your metabolism is lightning-fast.
You like to eat raw meat.
Your natural rate of healing is unusually fast.
You are covered in fur. (AC +1)
You have very tough skin. (AC +2)


Message History

You feel sick.
You feel sick. You block the adder's attack. x2
You feel sick. You block the adder's attack.
You feel sick.
A hobgoblin comes into view.
The hobgoblin shouts!
You feel sick. The adder bites you but does no damage. The hobgoblin hits you.
* * * LOW HITPOINT WARNING * * *
You feel sick. The adder bites you.
* * * LOW HITPOINT WARNING * * *
The hobgoblin hits you but does no damage.
The adder bites you but does no damage.
Some of the chunks of flesh in your inventory have rotted away.
You feel sick. The adder barely misses you. The adder bites you.
You die...

##.............####.........
######..........................
##......................#####.###
#......................######.###
#................................
#..........>.................).#.
#.....................#.#......#.
#...............Sg.............#.
#...............@.....#.#.....>#.
#..................>#..........#.
..........###############......##
.#........# ##.....## ...##.....#
####### .#........# ....#######
....# #####


You could see an adder and a hobgoblin.

Vanquished Creatures
  An ooze (D:1)
  A giant cockroach (D:1)
  2 goblins (D:1)
  2 bats (D:1)
  A frilled lizard (D:1)
  4 kobolds (D:1)
  4 rats (D:1)
15 creatures vanquished.

Vanquished Creatures (others)
  A giant cockroach (D:1)
1 creature vanquished.

Grand Total: 16 creatures vanquished

Notes
Turn   | Place    | Note
-------+----------+-------------------------------------------
     0 | D:1      | blackwizard the Troll Fighter began the quest for the Orb.
     0 | D:1      | Reached XP level 1. HP: 22/22 MP: 0/0
   106 | D:1      | Reached XP level 2. HP: 17/29 MP: 1/1
   520 | D:2      | Noticed Sigmund
   680 | D:1      | HP: 1/29 [adder (4)]
   686 | D:1      | Slain by an adder

Vault maps used:
D:1:      shiori_arrival_oz, serial_glass, glass_columns_a, glass_columns_a
D:2:      chequers_ecumenical_altar_simple, kennysheep_generic_room_15,
          uniq_sigmund, uniq_robin

Skill      XL: |  1  2 |
---------------+-------+-----
Maces & Flails | 2 |  2.1
Fighting       | |  2.4
Dodging        | |  2.7
Shields        | |  2.7

Action                   || total
-------------------------++-------
Melee: Flail             ||    80
  Eat: Bread ration      ||     1
Armor: Robe              ||    73
Dodge: Dodged            ||    72
Block: Shield            ||    89
